AoeStats
← PiscoCAPEL777

MegaRandom

508568993Analyzed
2v2 RM · 9d ago on Sep 23, 2026· 37m 26s· 4 players
Game mode
Random Map
Map size
Medium (4 player)
Population
200
Speed
Normal
Resources
Standard
Victory
Conquest
Starting age
Dark Age
Ending age
Imperial Age
RankedLock teamsTeams togetherTeam positionsShared explorationLock speedFull tech treeHidden civsTurbo modeCheats
Victory
Defeat
🇨🇱 Italians · Chile
963
+10
🇨🇱 Mongols · Chile
956
+10
🇻🇳 Italians · Vietnam
834
-10
🇲🇽 Wei · Mexico
831
-10
NIXXT103
6:15 Loom
9:58 Feudal Age
11:39 Feudal Age
12:08 Double-Bit Axe
17:47 Castle Age
17:00 Forging
17:09 Gold Mining
17:02 Horse Collar
18:41 Bow Saw
20:30 Scale Barding Armor
22:05 Town Watch
25:57 Husbandry
26:23 Heavy Plow
28:11 Iron Casting
29:13 Wheelbarrow
29:59 Chain Barding Armor
29:39 Stone Mining
Wassss
7:43 Loom
11:13 Feudal Age
12:47 Double-Bit Axe
14:01 Wheelbarrow
16:58 Castle Age
16:17 Horse Collar
16:32 Gold Mining
17:37 Man-at-Arms
22:49 Bow Saw
24:33 Stone Mining
25:16 Fishing Lines
25:50 Heavy Plow
29:46 Hand Cart
32:04 Imperial Age
30:26 Long Swordsman
31:20 Scale Mail Armor
31:31 Forging
32:45 Chain Mail Armor
32:07 Two-Handed Swordsman
35:58 Plate Mail Armor
PiscoCAPEL777
10:27 Feudal Age
14:18 Horse Collar
17:49 Double-Bit Axe
21:02 Castle Age
22:10 Pikeman
26:16 Fletching
27:03 Padded Archer Armor
37:09 Imperial Age
34:59 Bodkin Arrow
36:53 Thumb Ring
nicovc00
9:54 Feudal Age
8:55 Loom
10:52 Double-Bit Axe
16:31 Bloodlines
21:56 Castle Age
20:52 Fletching
21:08 Scale Barding Armor
22:52 Stone Mining
23:14 Bow Saw
30:17 Stone Shaft Mining
29:34 Gold Mining
29:27 Horse Collar
32:03 Wheelbarrow
34:03 Hand Cart
Connection lost

Rejoining the realm…

Still unreachable

The connection could not be restored.

Session expired

The server has moved on; the page needs a fresh start.